 Dungeon Crawl Stone Soup version 0.28-a0-8-g6e044cfa68 (webtiles) character file.

Game seed: 4056842416505692717

4216 Shayle the Fighter (level 10, -1/106 HPs)
             Began as an Ogre Warper on July 24, 2021.
             Was a Follower of the Shining One.
             Succumbed to a killer bee's poison
             ... on level 9 of the Dungeon.
             The game lasted 00:22:59 (12227 turns).

Shayle the Fighter (Ogre Warper)                   Turns: 12227, Time: 00:22:59

Health: -1/106     AC:  8    Str: 17    XL:     10   Next: 30%
Magic:  6/13       EV:  9    Int: 17    God:    the Shining One [*.....]
Gold:   274        SH: 10    Dex:  8    Spells: 3/13 levels left

rFire   . . .      SeeInvis .   i - +3 dagger (venom)
rCold   . . .      Faith    .   n - +2 kite shield {AC+3}
rNeg    . . .      Spirit   .   y - +2 robe {Will+}
rPois   .          Reflect  .   (helmet restricted)
rElec   .          Harm     .   j - scarf {shadows}
rCorr   .          Rampage  .   (gloves unavailable)
Will    ++...                   (boots unavailable)
Stlth   +.........              f - amulet of the acrobat
HPRegen 0.27/turn               (no ring)
MPRegen 0.13/turn               (no ring)

@: lethally poisoned (-1 -> -10), on berserk cooldown, very slightly
contaminated, slowed, glowing, very slow
A: large, unfitting armour, tough skin 1
a: Renounce Religion


You were on level 9 of the Dungeon.
You worshipped the Shining One.
The Shining One was aware of your devotion.
You visited 2 branches of the dungeon, and saw 10 of its levels.

You collected 431 gold pieces.
You spent 157 gold pieces at shops.

Inventory:

Hand Weapons
 a - a +0 mace of electrocution
 i - a +3 dagger of venom (weapon)
 k - a +0 giant spiked club
 z - a +2 vorpal trident
 C - a +4 spear of venom
Missiles
 d - 3 boomerangs of dispersal (quivered)
 l - 12 javelins
 o - 18 boomerangs
 D - 2 large rocks
Armour
 b - a +0 robe
 j - a scarf of shadows (worn)
 n - a +2 kite shield of protection (worn)
 t - a +0 tower shield of cold resistance
 y - a +2 robe of willpower (worn)
Jewellery
 f - an amulet of the acrobat (around neck)
 A - an amulet of guardian spirit
Wands
 p - a wand of acid (1)
 u - a wand of flame (3)
 E - a wand of paralysis (7)
Scrolls
 c - 2 scrolls of blinking
 r - 3 scrolls of amnesia
 v - 3 scrolls of vulnerability
 x - a scroll of teleportation
Potions
 e - 4 potions of flight
 h - a potion of ambrosia
 m - a potion of resistance {unknown}
 B - a potion of attraction {unknown}
 F - a potion of haste {unknown}


   Skills:
 + Level 8.8 Fighting
 + Level 6.0 Maces & Flails
 - Level 1.0 Throwing
 + Level 6.7 Dodging
 + Level 4.9 Shields
 - Level 2.4 Spellcasting
 + Level 5.9 Translocations
 + Level 4.8 Invocations


You had 3 spell levels left.
You knew the following spells:

 Your Spells              Type           Power      Damage    Failure   Level
a - Blink                 Tloc           N/A        N/A       6%          2
b - Teleport Other        Tloc           22%        N/A       12%         3
c - Manifold Assault      Tloc           22%        N/A       71%         5

Your spell library contained the following spells:

 Spells                   Type           Power      Damage    Failure   Level
 Gell's Gravitas          Tloc           11%        N/A       12%         3
 Lesser Beckoning         Tloc           11%        N/A       12%         3
 Dazzling Flash           Conj/Hex       4%         N/A       78%         3
 Stone Arrow              Conj/Erth      4%         3d7       78%         3
 Iskenderun's Mystic Bla  Conj/Tloc      12%        2d5       78%         4
 Animate Armour           Summ/Erth      4%         N/A       99%         4
 Cause Fear               Hex            1%         N/A       99%         4
 Leda's Liquefaction      Hex/Erth       1%         N/A       99%         4
 Starburst                Conj/Fire      1%         8x6d3     100%        6
 Lehudib's Crystal Spear  Conj/Erth      1%         10d2      100%        8


Dungeon Overview and Level Annotations

Branches:
Dungeon (9/15)             Temple (1/1) D:6
   Lair: D:8-11         Orc: D:9-12

Altars:
Ashenzari
Cheibriados
Dithmenos
Elyvilon
Fedhas
Gozag
Hepliaklqana
Kikubaaqudgha
Makhleb
Nemelex Xobeh
Okawaru
Qazlal
Ru
Sif Muna
Trog
Uskayaw
Vehumet
Wu Jian
Xom
Yredelemnul
Zin
The Shining One

Shops:
D:3 [   D:4 (

Annotations:
D:3 1 runed translucent door, Crazy Yiuf


Innate Abilities, Weirdness & Mutations

You are too large for most types of armour.
You have tough skin. (AC +1)


Message History

The bolt of acid hits the killer bee!
The killer bee is splashed with acid.
The acid corrodes the killer bee!
The killer bee is severely wounded.
You block the killer bee's attack. The killer bee stings you.
* * * LOW HITPOINT WARNING * * *
The killer bee closely misses you.
Casting: Blink (safe; 6% risk of failure)
Confirm with . or Enter, or press ? or * to list all spells.
You blink.
Casting: Blink (safe; 6% risk of failure)
Confirm with . or Enter, or press ? or * to list all spells.
You blink.
The killer bee stings you but does no damage.
The killer bee barely misses you. The wraith hits you!
* * * LOW HITPOINT WARNING * * *
The wraith drains your vigour!
You feel as though you will be slow longer.
The killer bee stings you.
* * * LOW HITPOINT WARNING * * *
You are poisoned.
The killer bee poisons you!
Unknown command.
Okay, then.
Casting: Blink (safe; 6% risk of failure)
Confirm with . or Enter, or press ? or * to list all spells.
You miscast Blink.
You are very lightly contaminated with residual magic.
Nothing appears to happen.
You feel sick. You block the killer bee's attack.
The killer bee closely misses you. The wraith hits you but does no damage.
The gnoll sergeant hits you from afar with a +0 spear!
The Shining One protects you from harm! The killer bee stings you.
* * * LOW HITPOINT WARNING * * *
You are more poisoned.
The killer bee poisons you! You block the wraith's attack.
Unknown command.
Blink to where?
Press: ? - help, Dir - move target, p - killer bee
As you read the scroll of blinking, it crumbles to dust.
You die...

+....# ..#
#....##..#
#........#
###........#
#..........#
#..........#
#..........#
#....###...#
#..@.# ...#
#....# ...#
#....# ...#
#....# ...#
+....###...#
#..y.......#
#..§Wg.....#
##+##......#
#......#


You could see a wraith, a gnoll sergeant and a killer bee (corroded).

Vanquished Creatures
  A deep elf pyromancer (D:8)
  A cyclops (D:8)
  A slime creature (D:7)
  Sigmund (D:4)
  A wyvern (D:5)
  A steam dragon (D:7)
  A water moccasin (D:7)
  An orc warrior (D:5)
  3 ice beasts
  A black bear (D:2)
  2 necrophages
  A sky beast (D:7)
  A hornet zombie (D:8)
  2 ogres (D:6)
  3 centaurs
  Blork the orc (D:5)
  2 kobold brigands
  2 bullfrogs (D:7)
  A gnoll sergeant (D:7)
  2 scorpions
  2 killer bees (D:9)
  An electric eel (D:6)
  2 centaur zombies
  4 hounds
  A jelly (D:6)
  2 orc priests
  2 bullfrog skeletons (D:5)
  5 iguanas
  4 orc wizards
  A killer bee zombie (D:7)
  9 gnolls
  8 adders
  A shadow imp (D:6)
  2 white imps
  2 ufetubi
  An adder skeleton (D:4)
  A worm (D:5)
  2 dart slugs
  13 orcs
  6 ball pythons
  6 bats
  6 endoplasms
  3 giant cockroaches
  8 goblins
  5 hobgoblins
  6 jackals
  4 quokkas
  3 frilled lizards
  15 kobolds
  4 rats
  A bush (D:7)
159 creatures vanquished.

Notes
Turn   | Place    | Note
-------+----------+-------------------------------------------
     0 | D:1      | Shayle the Ogre Warper began the quest for the Orb.
     0 | D:1      | Reached XP level 1. HP: 22/22 MP: 3/3
   254 | D:1      | Reached skill level 3 in Fighting
   254 | D:1      | Reached XP level 2. HP: 21/31 MP: 5/5
  1196 | D:1      | Reached XP level 3. HP: 37/37 MP: 6/6
  1357 | D:1      | Learned a level 2 spell: Blink
  1744 | D:2      | Reached XP level 4. HP: 26/45 MP: 7/7
  2112 | D:2      | Found a faded altar of an unknown god.
  2317 | D:2      | Noticed a black bear
  2327 | D:2      | Killed a black bear
  2328 | D:2      | Reached skill level 4 in Fighting
  2328 | D:2      | Reached XP level 5. HP: 24/54 MP: 8/8
  2648 | D:3      | Learned a level 3 spell: Teleport Other
  3126 | D:3      | Found Cuxeimun's Antique Armour Boutique.
  3134 | D:3      | Bought a glowing kite shield for 157 gold pieces
  3254 | D:3      | Reached XP level 6. HP: 56/63 MP: 9/9
  3264 | D:3      | Found a runed translucent door.
  3265 | D:3      | Noticed Crazy Yiuf
  3872 | D:4      | Noticed Sigmund
  3951 | D:4      | Found an opulent altar of Gozag.
  4028 | D:4      | Found Neenaimun's Weapon Shoppe.
  4194 | D:4      | Noticed a necrophage
  4197 | D:5      | Entered Level 5 of the Dungeon
  4279 | D:5      | Reached skill level 1 in Shields
  4300 | D:5      | Noticed a necrophage
  4322 | D:5      | Killed a necrophage
  4323 | D:5      | Reached skill level 5 in Fighting
  4323 | D:5      | Reached XP level 7. HP: 42/72 MP: 10/10
  4466 | D:5      | Got the Volume of Execration
  5416 | D:5      | Noticed Blork the orc
  5417 | D:5      | Noticed a wyvern
  5442 | D:5      | Killed a wyvern
  5668 | D:6      | Reached skill level 5 in Dodging
  5972 | D:5      | Reached XP level 8. HP: 63/83 MP: 11/11
  6296 | D:5      | Reached skill level 6 in Fighting
  6706 | D:5      | Learned a level 5 spell: Manifold Assault
  6764 | D:6      | Found a staircase to the Ecumenical Temple.
  6774 | Temple   | Entered the Ecumenical Temple
  6857 | Temple   | Became a worshipper of the Shining One
  7157 | D:6      | Reached skill level 1 in Invocations
  8239 | D:5      | Killed Blork the orc
  8685 | D:4      | Killed Sigmund
  8686 | D:4      | Reached skill level 7 in Fighting
  8686 | D:4      | Reached XP level 9. HP: 76/93 MP: 12/12
  9144 | D:7      | Reached skill level 5 in Maces & Flails
  9218 | D:7      | Reached skill level 5 in Translocations
  9702 | D:7      | Reached * piety under the Shining One
 10878 | D:8      | Reached skill level 8 in Fighting
 11414 | D:8      | Noticed a cyclops
 11432 | D:8      | Killed a cyclops
 11433 | D:8      | Reached XP level 10. HP: 51/106 MP: 13/13
 11721 | D:8      | Noticed a deep elf pyromancer
 11729 | D:8      | Killed a deep elf pyromancer
 12226 | D:9      | The Shining One protects you from harm!
 12226 | D:9      | HP: 2/106 [killer bee (5)]
 12227 | D:9      | Succumbed to a killer bee's poison

Illustrated notes

Levels and vault maps discovered:
D:1:      zelgadis_glass_arrival_small, layout_basic
D:2:      layout_basic, shapermc_ecumenical_altar_pompeii, minmay_pentomino_r2
D:3:      layout_loops_corners, serial_shops, nicolae_square_shop,
          uniq_crazy_yiuf_cottage
D:4:      layout_rooms, grunt_gozag_breadcrumbs, serial_shops,
          nicolae_shop_trees, uniq_sigmund
D:5:      layout_gridville, uniq_blork_the_orc
D:6:      layout_basic, minmay_temple_entry_wispy, nrook_pool_corridor
D:7:      layout_basic, kb_lookout_dungeons_type
D:8:      layout_basic, minmay_three_doors
D:9:      layout_stronghold, dpeg_oklobed_lair, serial_shops,
          nicolae_take_the_stairs
Temple:   grunt_wide_crystal_templ

Skill      XL: |  1  2  3  4  5  6  7  8  9 10 |
---------------+-------------------------------+-----
Fighting       | 3 4 5 7 8 |  8.8
Maces & Flails | 2 3 4 5 6 |  6.0
Dodging        | 3 4 5 6 |  6.7
Shields        | 1 2 3 4 |  4.9
Translocations | 3 4 5 |  5.9
Invocations    | 2 4 |  4.8
Throwing       | |  1.0
Spellcasting   | |  2.4

Action                   |  1- 3 |  4- 6 |  7- 9 | 10-12 || total
-------------------------+-------+-------+-------+-------++-------
Melee: Mace              |    69 |       |    15 |       ||    84
       Dagger            |    26 |   157 |   411 |    53 ||   647
Throw: Boomerang         |       |       |     2 |       ||     2
 Cast: Blink             |       |       |     1 |     3 ||     4
       Teleport Other    |       |       |       |     1 ||     1
Evoke: Wand              |       |       |    20 |     9 ||    29
  Use: Scroll            |     4 |     3 |     7 |     2 ||    16
       Potion            |       |       |     3 |     3 ||     6
Armor: Robe              |    44 |    67 |   141 |    25 ||   277
Dodge: Dodged            |    60 |    62 |   155 |    32 ||   309
Block: Kite shield       |       |    35 |   228 |    43 ||   306

Table legend: (Time is in decaauts)
 A = Elapsed time spent in this place.
 B = Non-inter-level travel time spent in this place.
 C = Inter-level travel time spent in this place.
 D = Time resting spent in this place.
 E = Time spent auto-exploring this place.
 F = Levels seen in this place.
 G = Mean time per level.
                   A        B        C        D        E       F      G
               +--------+--------+--------+--------+--------+-----+--------+
         Total |  12380 |  11883 |    497 |   3217 |   6486 |  10 | 1238.0 |
       Dungeon |  12279 |  11799 |    480 |   3217 |   6437 |   9 | 1364.3 |
        Temple |    100 |     83 |     17 |      0 |     49 |   1 |  100.0 |
               +--------+--------+--------+--------+--------+-----+--------+

Top non-repeatable levels by time:
     D:5: 2742 daAuts
     D:7: 2113 daAuts
     D:6: 1682 daAuts
     D:1: 1593 daAuts
     D:3: 1274 daAuts
     D:8: 1118 daAuts
     D:2: 1065 daAuts
     D:4: 603 daAuts
  Temple: 100 daAuts
     D:9: 87 daAuts
